 Dungeon Crawl Stone Soup version 0.30-a0-170-g85af917532 (webtiles) character file.

Game seed: 9952091524316742537

323 qw the Chopper (level 6, 0/38 HPs)
             Began as a Gargoyle Fighter on Sept 30, 2022.
             Was an Initiate of Okawaru.
             Slain by a yak (4 damage)
             ... on level 5 of the Dungeon.
             The game lasted 00:01:30 (3795 turns).

qw the Chopper (Gargoyle Fighter)                   Turns: 3795, Time: 00:01:31

Health: 0/38       AC: 16    Str: 22    XL:     6   Next: 47%
Magic:  6/6        EV:  9    Int:  8    God:    Okawaru [......]
Gold:   27         SH:  9    Dex:  9    Spells: 5/5 levels left

rFire   . . .      SeeInvis .    Y - +0 war axe
rCold   . . .      Faith    .    c - +0 buckler
rNeg    + . .      Spirit   .    b - +0 scale mail
rPois   inf        Reflect  +    h - +2 helmet
rElec   +          Harm     .    g - +0 cloak
rCorr   .          Rampage  .    (no gloves)
Will    .....                    f - +0 pair of boots
Stlth   ..........               k - amulet of reflection
HPRegen 0.12/turn                (no ring)
MPRegen 0.10/turn                (no ring)

@: about to teleport
A: sickness immunity, AC +4, negative energy resistance 1, electricity
resistance, torment resistance 1, petrification resistance
a: Renounce Religion


You were on level 5 of the Dungeon.
You worshipped Okawaru.
Okawaru was noncommittal.
You visited 2 branches of the dungeon, and saw 7 of its levels.

You collected 167 gold pieces.
You spent 140 gold pieces at shops.


Innate Abilities, Weirdness & Mutations

You are immune to sickness and miasma.
Your stone body is resilient. (AC +4)
You are immune to poison.
You resist negative energy. (rN+)
You are resistant to electric shocks. (rElec)
You are resistant to unholy torment.
You are immune to petrification.


   Skills:
 - Level 4.0 Fighting
 + Level 5.2 Axes
 - Level 3.2 Armour
 - Level 1.6 Dodging
 - Level 3.2 Shields


You had 5 spell levels left.
You didn't know any spells.
Your spell library was empty.

Inventory:

Hand Weapons
 e - a +0 flail
 Y - a +0 war axe (weapon)
Armour
 b - a +0 scale mail (worn)
 c - a +0 buckler (worn)
 f - a +0 pair of boots (worn)
 g - a +0 cloak (worn)
 h - a +2 helmet (worn)
Jewellery
 k - an amulet of reflection (around neck)
Scrolls
 m - 2 scrolls of identify
 o - a scroll of teleportation
Potions
 a - 3 potions of attraction
 d - 2 potions of might
 i - 2 potions of heal wounds
 j - a potion of cancellation
 l - a potion of curing

Dungeon Overview and Level Annotations

Branches:
Dungeon (6/15)             Temple (1/1) D:4

Altars:
Ashenzari
Cheibriados
Dithmenos
Elyvilon
Gozag
Hepliaklqana
Kikubaaqudgha
Makhleb
Okawaru
Ru
Sif Muna
Trog
Uskayaw
Vehumet
Wu Jian
Yredelemnul
Zin
The Shining One

Shops:
D:3 !


Message History

There is an open door here.
Found a stone staircase leading down.
You now have 27 gold pieces (gained 11).
You open the door.
There is an open door here.
You hear the slow rusting of a very distant drain.
You open the door.
An ufetubus and 4 yaks come into view.
The ufetubus shouts!
The yak bellows! x2; You hear a bellow! x2
Found a scroll labelled HUEQ INEZAMU.
Enter note: You slash the yak!
The yak is moderately wounded.
A yak comes into view.
You hit the yak but do no damage.
The yak is moderately wounded.
You slash the yak!
A yak comes into view.
You block the yak's attack. x3; The yak gores you.
The yak moves out of view.
You hit the yak.
The yak is moderately wounded.
You hit the yak. The yak closely misses you. The yak gores you!
You hit the yak.
The yak is heavily wounded.
You slash the yak! You block the yak's attack. The yak gores you!
You slash the yak!
The yak is severely wounded.
You hit the yak. The yak completely misses you. x2
You hit the yak but do no damage.
The yak is severely wounded.
You hit the yak. The yak gores you. The yak gores you! The yak gores you. x2
3795 ||| READING 2 scrolls of teleportation.
As you read the scroll of teleportation, it crumbles to dust.
You feel strangely unstable. The yak gores you.
You die...

#......###'####........
#......#......#........
#......#.....##......#
#......#.....##'######
#......#.............#
#......#.............#
#......########......#
#.......?....Y#Y.....#
....5YY@.>...#
.....Y######+# .....
.... ... .. .


You could see 5 yaks and an ufetubus.

Vanquished Creatures
  A scorpion (D:4)
  2 orc priests (D:3)
  An iguana (D:5)
  Robin (D:3)
  5 adders
  A shadow imp (D:5)
  5 worms
  8 orcs
  5 ball pythons
  3 bats
  6 endoplasms
  3 giant cockroaches
  18 goblins
  7 hobgoblins
  4 jackals (D:3)
  6 kobolds
  5 quokkas
  5 frilled lizards
  2 rats
88 creatures vanquished.

Vanquished Creatures (others)
  A plant (D:4)
1 creature vanquished.

Grand Total: 89 creatures vanquished

Notes
Turn   | Place    | Note
-------+----------+-------------------------------------------
     0 | D:1      | qw the Gargoyle Fighter began the quest for the Orb.
     0 | D:1      | Reached XP level 1. HP: 14/14 MP: 1/1
     0 | D:1      | 0 ||| qw: Version: 0.2-a-12-gaebbb33
     0 | D:1      | 0 ||| qw: Game counter: 1503
     0 | D:1      | 0 ||| qw: Always use a shield: true
     0 | D:1      | 0 ||| qw: God list: Okawaru
     0 | D:1      | 0 ||| qw: Allow faded altars: false
     0 | D:1      | 0 ||| qw: Do Orc after D:15 true
     0 | D:1      | 0 ||| qw: Do second Lair branch before Depths: true
     0 | D:1      | 0 ||| qw: Lair rune preference: random
     0 | D:1      | 0 ||| qw: Plans: Normal, Zot:1-4, God:TSO, Crypt, Tomb,
                  | Pan, Slime:5, Hells, Abyss, Orb
     0 | D:1      | 0 ||| PLANNING D:1-11
   165 | D:1      | Reached skill level 2 in Axes
   388 | D:1      | Reached XP level 2. HP: 19/19 MP: 2/2
   848 | D:1      | Found a faded altar of an unknown god.
   901 | D:1      | 901 ||| UPGRADING to amulet of reflection.
   906 | D:1      | 906 ||| READING scroll labelled ZIMEEN ZOWEE.
   907 | D:1      | 907 ||| READING scroll labelled ASOMAGOUDD.
   910 | D:1      | 910 ||| READING scroll labelled TOURAU HUYGH.
   911 | D:1      | 911 ||| DRINKING 2 smoky orange potions.
   912 | D:1      | 912 ||| DRINKING 2 brown potions.
   913 | D:1      | 913 ||| DROPPING potion of degeneration.
   993 | D:2      | Reached skill level 3 in Axes
   997 | D:2      | Reached XP level 3. HP: 14/23 MP: 3/3
  1214 | D:2      | 1214 ||| Stepping ~*~*~tactically~*~*~ (stealth).
  1234 | D:2      | 1234 ||| DROPPING +0 club.
  1581 | D:2      | Reached XP level 4. HP: 28/28 MP: 4/4
  1838 | D:2      | Reached skill level 4 in Axes
  1872 | D:2      | 1872 ||| Stepping ~*~*~tactically~*~*~ (stealth).
  2352 | D:2      | 2352 ||| DROPPING amulet of magic regeneration.
  2353 | D:2      | 2353 ||| DROPPING ring of magical power.
  2354 | D:2      | 2354 ||| READING scroll labelled FIW IPHIAKKUMI.
  2355 | D:2      | 2355 ||| READING 3 scrolls labelled FETAAN JOMN.
  2356 | D:2      | 2356 ||| DRINKING 2 emerald potions.
  2357 | D:2      | 2357 ||| DRINKING 2 glowing white potions.
  2358 | D:2      | 2358 ||| READING 2 scrolls of identify.
  2358 | D:2      | 2358 ||| IDENTIFYING cyan potion
  2359 | D:2      | 2359 ||| DROPPING potion of brilliance.
  2360 | D:2      | 2360 ||| DROPPING potion of berserk rage.
  2390 | D:3      | 2390 ||| Stepping ~*~*~tactically~*~*~ (stealth).
  2393 | D:3      | 2393 ||| Stepping ~*~*~tactically~*~*~ (stealth).
  2399 | D:3      | 2399 ||| Stepping ~*~*~tactically~*~*~ (stealth).
  2408 | D:3      | 2408 ||| Stepping ~*~*~tactically~*~*~ (stealth).
  2425 | D:3      | 2425 ||| Stepping ~*~*~tactically~*~*~ (stealth).
  2431 | D:3      | 2431 ||| Stepping ~*~*~tactically~*~*~ (stealth).
  2442 | D:3      | Reached XP level 5. HP: 30/32 MP: 5/5
  2456 | D:3      | 2456 ||| DROPPING +0 whip.
  2561 | D:3      | 2561 ||| Stepping ~*~*~tactically~*~*~ (stealth).
  2568 | D:3      | 2568 ||| Stepping ~*~*~tactically~*~*~ (hiding).
  2577 | D:3      | Reached skill level 5 in Axes
  2689 | D:3      | 2689 ||| Stepping ~*~*~tactically~*~*~ (stealth).
  2690 | D:3      | Noticed Robin
  2691 | D:3      | 2691 ||| Stepping ~*~*~tactically~*~*~ (stealth).
  2695 | D:3      | 2695 ||| FLEEEEING.
  2697 | D:3      | 2697 ||| Stepping ~*~*~tactically~*~*~ (stealth).
  2792 | D:3      | 2792 ||| Stepping ~*~*~tactically~*~*~ (stealth).
  3062 | D:3      | 3062 ||| Stepping ~*~*~tactically~*~*~ (hiding).
  3063 | D:3      | 3063 ||| Stepping ~*~*~tactically~*~*~ (hiding).
  3065 | D:3      | 3065 ||| Stepping ~*~*~tactically~*~*~ (hiding).
  3068 | D:3      | 3068 ||| Stepping ~*~*~tactically~*~*~ (hiding).
  3069 | D:3      | 3069 ||| Stepping ~*~*~tactically~*~*~ (hiding).
  3087 | D:3      | Killed Robin
  3164 | D:3      | Found Penog's Distillery.
  3171 | D:3      | 3171 ||| BUYING potion of attraction (30 gold).
  3171 | D:3      | Bought a potion of attraction for 30 gold pieces
  3171 | D:3      | 3171 ||| BUYING potion of cancellation (80 gold).
  3171 | D:3      | Bought a potion of cancellation for 80 gold pieces
  3171 | D:3      | 3171 ||| BUYING potion of curing (30 gold).
  3171 | D:3      | Bought a potion of curing for 30 gold pieces
  3171 | D:3      | 3171 ||| SHOPLISTING potion of curing (30 gold, have 0).
  3171 | D:3      | 3171 ||| SHOPLISTING potion of haste (100 gold, have 0).
  3171 | D:3      | 3171 ||| UPGRADING to +0 cloak.
  3176 | D:3      | 3176 ||| UPGRADING to +2 helmet.
  3181 | D:3      | 3181 ||| READING 2 scrolls labelled USSENUN NOMEYG.
  3182 | D:3      | 3182 ||| DRINKING 2 fuming pink potions.
  3183 | D:3      | 3183 ||| READING 2 scrolls of identify.
  3183 | D:3      | 3183 ||| IDENTIFYING orange potion
  3184 | D:3      | 3184 ||| DROPPING scroll of fear.
  3185 | D:3      | 3185 ||| DROPPING potion of flight.
  3186 | D:3      | 3186 ||| DROPPING potion of ambrosia.
  3396 | D:4      | Reached XP level 6. HP: 38/38 MP: 6/6
  3452 | D:4      | Found a staircase to the Ecumenical Temple.
  3453 | D:4      | 3453 ||| PLANNING TEMPLE
  3453 | D:4      | 3453 ||| UPGRADING to +0 pair of boots.
  3461 | D:4      | 3461 ||| FLEEEEING.
  3462 | D:4      | 3462 ||| FLEEEEING.
  3470 | D:4      | 3470 ||| FLEEEEING.
  3471 | D:4      | 3471 ||| FLEEEEING.
  3472 | D:4      | 3472 ||| FLEEEEING.
  3473 | D:4      | 3473 ||| FLEEEEING.
  3474 | D:4      | 3474 ||| FLEEEEING.
  3475 | D:4      | 3475 ||| FLEEEEING.
  3476 | D:4      | 3476 ||| FLEEEEING.
  3477 | D:4      | 3477 ||| FLEEEEING.
  3478 | D:4      | 3478 ||| FLEEEEING.
  3479 | D:4      | 3479 ||| FLEEEEING.
  3480 | D:4      | 3480 ||| FLEEEEING.
  3481 | D:4      | 3481 ||| FLEEEEING.
  3482 | D:4      | 3482 ||| STAIRDANCE
  3487 | D:4      | 3487 ||| FLEEEEING.
  3488 | D:4      | 3488 ||| STAIRDANCE
  3494 | D:4      | 3494 ||| STAIRDANCE
  3532 | Temple   | Entered the Ecumenical Temple
  3533 | Temple   | 3533 ||| PLANNING OKAWARU WORSHIP
  3539 | Temple   | Became a worshipper of Warmaster Okawaru
  3540 | Temple   | 3540 ||| PLANNING D:1-11
  3555 | D:4      | 3555 ||| DROPPING +2 whip of electrocution.
  3670 | D:4      | Reached skill level 1 in Dodging
  3671 | D:4      | You fall into a shaft and drop 2 floors!
  3687 | D:5      | Entered Level 5 of the Dungeon
  3688 | D:5      | 3688 ||| PLANNING SEWER
  3787 | D:5      | Noticed a yak
  3787 | D:5      | Noticed a yak
  3787 | D:5      | Noticed a yak
  3787 | D:5      | Noticed a yak
  3789 | D:5      | Noticed a yak
  3790 | D:5      | Noticed a yak
  3794 | D:5      | HP: 7/38 [yak (4)]
  3795 | D:5      | 3795 ||| READING 2 scrolls of teleportation.
  3795 | D:5      | Slain by a yak

Levels and vault maps discovered:
D:1:      minmay_arrival_jagged, layout_basic, ebering_ecumenical_altar_hall
D:2:      layout_basic
D:3:      layout_rooms, serial_shops, nicolae_lakefront_shop, uniq_robin
D:4:      layout_basic, nemelex_spade_bored_becter,
          minmay_temple_entry_overgrown, minmay_hedge_maze
D:5:      layout_gridville, mainiacjoe_overflow_concentric_impassable,
          cheibrodos_sewer_entry_bend, chequers_avenue
D:6:      layout_loops_ring, serial_rivers, chequers_serial_rivers_micro_c,
          chequers_serial_rivers_micro_d, chequers_serial_rivers_large_b,
          chequers_serial_rivers_micro_c, chequers_serial_rivers_small_b
Temple:   nicolae_temple_no_exploring_needed

Skill      XL: |  1  2  3  4  5  6 |
---------------+-------------------+-----
Axes           | 2 3 4 5 |  5.2
Fighting       | 4 |  4.0
Dodging        | 1 |  1.6
Armour         | |  3.2
Shields        | |  3.2

Action                   |  1- 3 |  4- 6 || total
-------------------------+-------+-------++-------
Melee: War axe           |    89 |   175 ||   264
Throw: Boomerang         |    28 |    13 ||    41
  Use: Scroll            |     3 |     6 ||     9
       Potion            |     2 |     3 ||     5
Armor: Scale mail        |    37 |    82 ||   119
Dodge: Dodged            |    32 |    54 ||    86
Block: Buckler           |    29 |    77 ||   106
       Reflection        |       |     2 ||     2

Table legend:
 A = Non-vault XP
 B = Vault XP
 C = Vault XP percentage of total XP
 D = Non-vault monster count
 E = Vault monster count
 F = Vault count percentage of total count
                 A         B        C        D         E       F
            +---------+---------+-------+---------+---------+-------
      Total |     424 |      38 |   8.2 |      75 |      13 |  14.8
            +---------+---------+-------+---------+---------+-------
        D:1 |      24 |       0 |   0.0 |      14 |       0 |   0.0
        D:2 |      89 |       0 |   0.0 |      25 |       0 |   0.0
        D:3 |     161 |      38 |  19.1 |      25 |      13 |  34.2
        D:4 |      98 |       0 |   0.0 |       8 |       0 |   0.0
        D:5 |      52 |       0 |   0.0 |       3 |       0 |   0.0
            +---------+---------+-------+---------+---------+-------
